 Dungeon Crawl Stone Soup version 0.27-a0-1149-g4505690ab0 (webtiles) character file.

Game seed: 2027318452120678546

68708 Armakuni the Stickfighter (level 15, 0/115 HPs)
             Began as a Human Wanderer on May 10, 2021.
             Was an Initiate of Gozag.
             Slain by a seven-headed hydra (6 damage)
             ... on level 5 of the Lair of Beasts on May 12, 2021.
             The game lasted 00:48:56 (21776 turns).

Armakuni the Stickfighter (Human Wanderer)         Turns: 21776, Time: 00:48:57

Health: 0/115      AC: 27    Str: 20    XL:     15   Next: 71%
Magic:  16/16      EV: 14    Int: 28    God:    Gozag
Gold:   1226       SH:  0    Dex: 10    Spells: 10/16 levels left

rFire    . . .     SeeInvis +   b - +3 scimitar (flame)
rCold    . . .     Faith    .   (no shield)
rNeg     . . .     Spirit   .   t - +3 scale mail {rF+}
rPois    +         Reflect  .   J - +2 helmet "Neolulel" {Will++ Stlth+}
rElec    +         Harm     .   n - +4 cloak "Pyacs" {Will+}
rCorr    .         Rampage  .   w - +0 pair of gloves of the Valley {rElec Int+2 SInv}
Will     ++++.                  x - +2 pair of boots of Panentheism {+Blink Int+4}
Stlth    ++........             R - amulet of regeneration
HPRegen  1.29/turn              P - ring "Xoelaafe" {Wiz rPois rF- Int+8 Stlth+}
MPRegen  0.15/turn              S - +4 ring of slaying

@: no status effects
A: iridescent scales 1
a: Renounce Religion, Evoke Blink, Potion Petition, Call Merchant, Bribe Branch


You were on level 5 of the Lair of Beasts.
You worshipped Gozag.
Gozag was most pleased with you.
You visited 4 branches of the dungeon, and saw 22 of its levels.
You also visited: Bailey and Ice Cave.

You collected 10036 gold pieces.
You spent 6050 gold pieces at shops.
You paid 2760 gold pieces to Gozag.

Inventory:

Hand Weapons
 a - a +3 vampiric lajatang
 b - a +3 scimitar of flaming (weapon)
Missiles
 m - a throwing net (quivered)
Armour
 n - the +4 cloak "Pyacs" (worn) {Will+}
   (You bought it in a shop on level 1 of the Lair of Beasts)

   It increases your willpower.
 t - a +3 scale mail of fire resistance (worn)
 w - the +0 pair of gloves of the Valley (worn) {rElec Int+2 SInv}
   (You bought it in a shop on level 7 of the Dungeon)

   It affects your intelligence (+2).
   It insulates you from electricity.
   It lets you see invisible.
 x - the +2 pair of boots of Panentheism (worn) {+Blink Int+4}
   (You bought it in a shop on level 7 of the Dungeon)

   It affects your intelligence (+4).
   It lets you blink.
 J - the +2 helmet "Neolulel" (worn) {Will++ Stlth+}
   (You bought it in a shop on level 1 of the Lair of Beasts)

   It greatly increases your willpower.
   It makes you more stealthy.
Magical Staves
 k - a staff of death
 s - a staff of earth
Jewellery
 g - an amulet of reflection
 E - a ring of wizardry
 K - a ring of resist corrosion
 P - the ring "Xoelaafe" (left hand) {Wiz rPois rF- Int+8 Stlth+}
   (You bought it in a shop on level 1 of the Lair of Beasts)

   [ring of wizardry]

   It improves your spell success rate.
   It affects your intelligence (+8).
   It makes you vulnerable to fire.
   It protects you from poison.
   It makes you more stealthy.
 R - an amulet of regeneration (around neck)
 S - a +4 ring of slaying (right hand)
Wands
 j - a wand of polymorph (27)
 M - a wand of paralysis (5)
 N - a wand of iceblast (16)
Scrolls
 d - 13 scrolls of teleportation
 f - 5 scrolls of amnesia
 i - a scroll of blinking
 u - 2 scrolls of noise
 y - a scroll of summoning
 A - 2 scrolls of enchant armour
 C - a scroll of fear
 G - 2 scrolls of fog
 L - 4 scrolls of magic mapping
Potions
 c - 5 potions of brilliance
 e - 5 potions of curing
 h - 2 potions of invisibility
 o - 2 potions of berserk rage
 p - 5 potions of flight
 q - 7 potions of attraction
 r - a potion of ambrosia
 z - 5 potions of lignification
 B - 2 potions of might
 D - 2 potions of degeneration {unknown}
 F - 3 potions of heal wounds
 H - 3 potions of cancellation
 I - a potion of haste
 Q - 2 potions of resistance {unknown}
Miscellaneous
 l - a lightning rod (inert)
 v - a condenser vane (inert)


   Skills:
 - Level 10.0 Fighting
 - Level 8.0 Short Blades
 - Level 1.0 Axes
 - Level 17.2 Staves
 - Level 10.0 Armour
 - Level 13.1 Dodging
 - Level 1.0 Shields
 - Level 1.0 Spellcasting
 + Level 5.2 Summonings
 + Level 5.2 Air Magic
 - Level 8.6 Evocations


You had 10 spell levels left.
You knew the following spells:

 Your Spells              Type           Power      Damage    Failure   Level
b - Blink                 Tloc           N/A        N/A       14%         2
l - Summon Lightning Spi  Summ/Air       30%        N/A       11%         4

Your spell library contained the following spells:

 Spells                   Type           Power      Damage    Failure   Level
 Summon Small Mammal      Summ           100%       N/A       1%          1
 Call Imp                 Summ           30%        N/A       1%          2
 Call Canine Familiar     Summ           30%        N/A       3%          3
 Magic Dart               Conj           4%         1d3       10%         1
 Summon Guardian Golem    Hex/Summ       16%        N/A       10%         3
 Slow                     Hex            1%         N/A       14%         2
 Mephitic Cloud           Conj/Pois/Air  11%        N/A       14%         3
 Conjure Flame            Conj/Fire      1%         6-21      26%         3
 Summon Ice Beast         Ice/Summ       16%        N/A       32%         4


Dungeon Overview and Level Annotations

Branches:
Dungeon (14/15)            Temple (1/1) D:6            Lair (5/6) D:11
  Swamp (0/4) Lair:2       Spider (0/4) Lair:2          Orc (2/2) D:10
    Elf (0/3) Orc:2        Vaults (0/5) D:13         Bailey (visited)
  IceCv (visited)
  Slime: Lair:5-6

Altars:
Ashenzari
Cheibriados
Dithmenos
Elyvilon
Fedhas
Gozag
Hepliaklqana
Kikubaaqudgha
Makhleb
Nemelex Xobeh
Okawaru
Qazlal
Ru
Sif Muna
Trog
Uskayaw
Vehumet
Wu Jian
Xom
Yredelemnul
Zin
The Shining One
Beogh

Shops:
D:7 [   D:11 *   Orc:1 =   Orc:2 ![=?   Lair:1 [=

Portals:
Abyss: D:4

Annotations:
D:4 2 transporters, ma3's ghost, weakling OpVM
D:14 Louise


Innate Abilities, Weirdness & Mutations

You are partially covered in iridescent scales. (AC +2)


Message History

The eight-headed hydra bites you but does no damage.
The eight-headed hydra completely misses you.
The eight-headed hydra closely misses you.
The eight-headed hydra bites you. The komodo dragon closely misses you.
You feel the dreadful sensation subside.
Your +3 scimitar of flaming bursts into flame!
b - a +3 scimitar of flaming (weapon)
You slice one of the eight-headed hydra's heads off!
The flame cauterises the wound!
You hit the seven-headed hydra. You burn the seven-headed hydra.
The seven-headed hydra is almost dead.
The komodo dragon misses you.
The seven-headed hydra completely misses you.
The seven-headed hydra misses you.
The seven-headed hydra bites you but does no damage. x2
The seven-headed hydra bites you!
* * * LOW HITPOINT WARNING * * *
The seven-headed hydra bites you but does no damage.
The seven-headed hydra closely misses you.
The seven-headed hydra misses you.
The seven-headed hydra barely misses you.
The seven-headed hydra misses you.
The seven-headed hydra barely misses you.
The seven-headed hydra bites you but does no damage.
The seven-headed hydra closely misses you.
The seven-headed hydra bites you!
* * * LOW HITPOINT WARNING * * *
The komodo dragon bites you!!
* * * LOW HITPOINT WARNING * * *
You barely miss the seven-headed hydra.
The seven-headed hydra is almost dead.
The seven-headed hydra misses you.
The seven-headed hydra closely misses you.
The seven-headed hydra bites you but does no damage. x2
The seven-headed hydra bites you.
* * * LOW HITPOINT WARNING * * *
The seven-headed hydra bites you but does no damage.
The seven-headed hydra bites you.
You die...
Your body crumbles into a pile of gold.

#.#.......................
##........................
#........................
..........................
.......##.......#..####...
$.....#..#P..#### #...
........####...### #.#..
.......D## #P....#####..
..P....@.# ####...P.##..
PP##...lP# ##...P###. .
##...## #........ ##.##
###.#.... ## ##.....
##.... ##..P #..P ###.


You could see a seven-headed hydra and a komodo dragon.

Vanquished Creatures
  Jorgrun (Orc:1)
  Gastronok (Lair:1)
  An orc warlord (Orc:2)
  6 hydras
  A rakshasa (D:10)
  2 boulder beetles
  4 vault guards (D:13)
  Erica (Lair:1)
  6 two-headed ogres
  The ghost of PanSaczeczos the Destroyer, a journeyman KoCj of Ru (Lair:1)
  5 centaur warriors
  2 catoblepae
  4 orc high priests (Orc:2)
  Urug (D:11)
  The ghost of Anon1729 the Carver, a novice BaMo of Wu Jian (D:8)
  A bog body (Lair:2)
  An orc knight (Bailey)
  A manticore (D:11)
  An orc sorcerer (Orc:2)
  An ugly thing (D:13)
  An oklob plant (Lair:4)
  4 cyclopes
  3 elephants (Lair:2)
  Maurice (D:8)
  2 black mambas (Lair:5)
  A torpor snail (Lair:2)
  8 cane toads
  An unseen horror (D:13)
  7 komodo dragons
  2 rime drakes
  2 ice devils (D:13)
  11 trolls
  4 polar bears
  2 hornets
  16 blink frogs
  4 dream sheep (Lair:2)
  2 shadows
  54 yaks
  A water elemental (D:11)
  3 wyverns
  4 steam dragons
  4 vampire mosquitoes
  A basilisk (Lair:2)
  4 acid dragons
  12 water moccasins
  21 orc warriors
  2 sky beasts
  2 necrophages
  12 ice beasts
  4 black bears
  11 wolves
  A phantom (D:3)
  14 centaurs
  3 ogres
  12 bullfrogs
  A gnoll sergeant (D:9)
  5 scorpions
  2 water moccasin skeletons (D:5)
  4 killer bees (D:8)
  14 wights
  3 howler monkeys
  9 electric eels
  33 orc priests
  4 centaur zombies
  2 bullfrog zombies
  2 hounds
  A jelly (D:7)
  2 bullfrog skeletons
  A scorpion zombie (D:3)
  3 iguanas
  25 orc wizards
  Natasha (D:4)
  A statue (D:9)
  5 centaur simulacra
  5 gnolls (D:9)
  2 howler monkey skeletons
  6 adders
  5 white imps
  A howler monkey simulacrum (D:8)
  2 ufetubi
  An adder skeleton (D:4)
  3 worms (Lair:2)
  3 dart slugs
  45 orcs
  5 bats
  4 endoplasms
  2 giant cockroaches (Lair:2)
  3 hobgoblins
  17 kobolds
  3 quokkas
  10 ball pythons
  A frilled lizard (D:1)
  8 goblins
522 creatures vanquished.

Vanquished Creatures (others)
  An orc wizard (Orc:2)
  An orc (D:12)
  44 fungi
  35 plants
81 creatures vanquished.

Grand Total: 603 creatures vanquished

Notes
Turn   | Place    | Note
-------+----------+-------------------------------------------
     0 | D:1      | Armakuni the Human Wanderer began the quest for the Orb.
     0 | D:1      | Armakuni set off with the following items: a +2 short
                  | sword, a +0 shortbow, 26 arrows, a scroll of teleportation,
                  | a +0 robe
     0 | D:1      | Reached XP level 1. HP: 15/15 MP: 1/1
    71 | D:1      | Found a faded altar of an unknown god.
   316 | D:1      | Reached XP level 2. HP: 13/21 MP: 2/2
   440 | D:1      | Identified a scroll of acquirement
   440 | D:1      | Acquired a manual of Dodging
   965 | D:2      | Reached XP level 3. HP: 27/27 MP: 3/3
  1830 | D:3      | Learned a level 2 spell: Blink
  1876 | D:3      | Reached XP level 4. HP: 24/34 MP: 4/4
  2046 | D:3      | Noticed a phantom
  2060 | D:3      | Killed a phantom
  2061 | D:3      | Reached XP level 5. HP: 18/41 MP: 5/5
  2617 | D:4      | Noticed a black bear
  2631 | D:4      | Killed a black bear
  2632 | D:4      | Reached XP level 6. HP: 32/47 MP: 6/6
  2855 | D:4      | Reached skill level 5 in Dodging
  2917 | D:4      | Noticed Natasha
  2924 | D:4      | Killed Natasha
  3058 | D:4      | Reached XP level 7. HP: 26/54 MP: 7/7
  3308 | D:4      | Noticed an ancient zyme
  3309 | D:4      | Noticed ma3's ghost (weakling OpVM)
  3336 | D:4      | Identified the +7 dagger of the Warrior-Mage {chaos, rPois
                  | rC+++ Str-5 Int-5}
  3342 | D:4      | Found a transporter.
  3358 | D:4      | Found a transporter.
  3396 | D:4      | Found a one-way gate to the infinite horrors of the Abyss.
  3559 | D:5      | Entered Level 5 of the Dungeon
  3683 | D:5      | Noticed a water moccasin
  3698 | D:5      | Killed a water moccasin
  3699 | D:5      | Reached skill level 1 in Staves
  3954 | D:5      | Reached skill level 2 in Staves
  3954 | D:5      | Reached XP level 8. HP: 49/61 MP: 8/8
  4054 | D:5      | Reached skill level 5 in Fighting
  4365 | D:5      | Gained mutation: You are partially covered in iridescent
                  | scales. (AC +2) [potion of mutation]
  4371 | D:5      | Reached skill level 3 in Staves
  4882 | D:5      | Reached skill level 4 in Staves
  5219 | D:6      | Found a staircase to the Ecumenical Temple.
  5228 | Temple   | Entered the Ecumenical Temple
  5375 | Temple   | Became a worshipper of Gozag Ym Sagoz the Greedy
  5586 | D:6      | Found an iron altar of Okawaru.
  5705 | D:6      | Reached XP level 9. HP: 66/68 MP: 9/9
  5883 | D:6      | Reached skill level 5 in Staves
  6075 | D:6      | Reached skill level 6 in Staves
  6075 | D:6      | Reached skill level 10 in Dodging
  6165 | D:6      | Reached skill level 7 in Staves
  6368 | D:7      | Acquired 1256 gold pieces
  6371 | D:7      | Bought the +0 pair of gloves of the Valley {rElec Int+2
                  | SInv} for 322 gold pieces
  6371 | D:7      | Bought the +2 pair of boots of Panentheism {+Blink Int+4}
                  | for 442 gold pieces
  6426 | D:7      | Found a sparkling altar of Nemelex Xobeh.
  6465 | D:7      | Noticed a troll
  6471 | D:7      | Killed a troll
  6919 | D:7      | Reached skill level 8 in Staves
  7061 | D:7      | Bought a +1 ring mail of poison resistance for 156 gold
                  | pieces
  7246 | D:7      | Reached skill level 9 in Staves
  7246 | D:7      | Reached XP level 10. HP: 27/74 MP: 10/10
  7621 | D:7      | Found a glowing golden altar of the Shining One.
  7763 | D:7      | Found a faded altar of an unknown god.
  7763 | D:7      | Found a faded altar of an unknown god.
  7771 | D:7      | Found a shimmering altar of Xom.
  7773 | D:7      | Found a bloodstained altar of Trog.
  7774 | D:7      | Found a stormy altar of Qazlal.
  8032 | D:8      | Found a runed translucent gate.
  8032 | D:8      | Found a runed translucent gate.
  8032 | D:8      | Found a runed translucent gate.
  8045 | D:8      | Reached skill level 10 in Staves
  8589 | D:8      | Identified the +1 robe of Eternal Night {+Blink}
  8767 | D:8      | Found a glowing silver altar of Zin.
  8947 | D:8      | Reached skill level 11 in Staves
  8952 | D:8      | Found the +8 Vampire's Tooth {vamp}
  9001 | D:8      | Noticed Maurice
  9006 | D:8      | Killed Maurice
  9007 | D:8      | Reached skill level 5 in Short Blades
  9311 | D:8      | Found a hazy altar of Hepliaklqana.
  9439 | D:8      | Noticed Anon1729's ghost (novice BaMo)
  9611 | D:8      | Killed Anon1729's ghost
  9628 | D:8      | Reached XP level 11. HP: 66/79 MP: 11/11
  9816 | D:9      | Found a broken altar of Ashenzari.
 10079 | D:9      | Found a radiant altar of Vehumet.
 10188 | D:9      | Identified the +12 morningstar "Murmur" {vorpal, Contam
                  | rN+++ Int+4}
 10403 | D:9      | Found a hide-covered altar of Uskayaw.
 10567 | D:10     | Entered Level 10 of the Dungeon
 10643 | D:10     | Noticed a two-headed ogre
 10652 | D:10     | Killed a two-headed ogre
 10686 | D:10     | Found a staircase to the Orcish Mines.
 10686 | D:10     | Noticed a two-headed ogre
 10696 | D:10     | Killed a two-headed ogre
 10839 | D:10     | Noticed a two-headed ogre
 10850 | D:10     | Killed a two-headed ogre
 11127 | D:10     | Noticed a rakshasa
 11145 | D:10     | Killed a rakshasa
 11330 | D:10     | Found an ancient bone altar of Kikubaaqudgha.
 11331 | D:10     | Upgraded the game from 0.27-a0-1144-g0b7d3b79db to
                  | 0.27-a0-1149-g4505690ab0
 11459 | D:10     | Found a white marble altar of Elyvilon.
 11527 | D:10     | Acquired 1210 gold pieces
 11529 | D:10     | Acquired an amulet of regeneration
 11578 | Orc:1    | Entered Level 1 of the Orcish Mines
 11705 | Orc:1    | Noticed Jorgrun
 11719 | Orc:1    | Reached XP level 12. HP: 87/87 MP: 12/12
 11731 | Orc:1    | Killed Jorgrun
 11759 | Orc:1    | Found a flagged portal.
 11893 | Bailey   | Entered a bailey
 11950 | Bailey   | Found an iron altar of Okawaru.
 11972 | Bailey   | Reached skill level 12 in Staves
 12049 | Orc:2    | Entered Level 2 of the Orcish Mines
 12050 | Orc:2    | Noticed an orc warlord
 12187 | Orc:2    | Killed an orc warlord
 12292 | Orc:2    | Found a staircase to the Elven Halls.
 12442 | Orc:2    | Reached skill level 5 in Armour
 12443 | Orc:2    | Noticed an orc high priest
 12448 | Orc:2    | Noticed an orc high priest
 12452 | Orc:2    | Noticed an orc high priest
 12521 | Orc:2    | Noticed a sun demon
 12526 | Orc:2    | Killed an orc high priest
 12531 | Orc:2    | Killed an orc high priest
 12672 | Orc:2    | Noticed an orc high priest
 12734 | Orc:2    | Killed an orc high priest
 12816 | Orc:2    | Killed an orc high priest
 12817 | Orc:2    | Reached XP level 13. HP: 91/98 MP: 13/13
 13005 | Orc:2    | Found Dues's Distillery.
 13006 | Orc:2    | Found Coadad's Antique Armour Emporium.
 13007 | Orc:2    | Found Saumicze's Magic Scroll Shoppe.
 13011 | Orc:2    | Found Moymem's Jewellery Shoppe.
 13358 | Orc:2    | Bought a scroll of acquirement for 936 gold pieces
 13358 | Orc:2    | Bought a scroll of acquirement for 936 gold pieces
 13361 | Orc:2    | Acquired 739 gold pieces
 13363 | Orc:2    | Acquired a manual of Staves
 13371 | Orc:2    | Bought a scroll of brand weapon for 360 gold pieces
 13381 | Orc:2    | Bought a shiny scale mail for 196 gold pieces
 13507 | Orc:1    | Found Arinkobawk's Jewellery Shoppe.
 13689 | D:11     | Reached skill level 13 in Staves
 13793 | D:11     | Noticed an eight-headed hydra
 13800 | D:11     | Reached skill level 14 in Staves
 13804 | D:11     | Killed a 14-headed hydra
 13886 | D:11     | Found Geguuz's Elemental Accessories.
 13969 | D:11     | Noticed Urug
 13981 | D:11     | Killed Urug
 13982 | D:11     | Reached skill level 15 in Staves
 14091 | D:11     | Found a staircase to the Lair.
 14645 | D:12     | Reached skill level 16 in Staves
 15005 | D:13     | Found a frozen archway.
 15041 | IceCv    | Entered an ice cave
 15313 | D:13     | Noticed a centaur warrior
 15322 | D:13     | Killed a centaur warrior
 15352 | D:13     | Noticed a centaur warrior
 15360 | D:13     | Killed a centaur warrior
 15361 | D:13     | Reached skill level 17 in Staves
 15436 | D:13     | Noticed a four-headed hydra
 15444 | D:13     | Killed a six-headed hydra
 15445 | D:13     | Reached XP level 14. HP: 106/106 MP: 14/14
 15571 | D:13     | Found a gate to the Vaults.
 15653 | D:13     | Reached skill level 10 in Fighting
 16382 | D:14     | Noticed Louise
 16648 | D:5      | Reached skill level 10 in Armour
 16867 | Lair:1   | Entered Level 1 of the Lair of Beasts
 16867 | Lair:1   | Noticed Erica
 16872 | Lair:1   | Killed Erica
 16881 | Lair:1   | Bought the +2 helmet "Neolulel" {Will++ Stlth+} for 523
                  | gold pieces
 16894 | Lair:1   | Bought the +4 cloak "Pyacs" {Will+} for 593 gold pieces
 16924 | Lair:1   | Bought a +1 ring mail of fire resistance for 256 gold
                  | pieces
 16927 | Lair:1   | Bought a +3 scale mail of fire resistance for 416 gold
                  | pieces
 17554 | Lair:1   | Found a large runed translucent door.
 17558 | Lair:1   | Found a large runed translucent door.
 17558 | Lair:1   | Noticed PanSaczeczos's ghost (journeyman KoCj)
 17568 | Lair:1   | Killed PanSaczeczos's ghost
 17610 | Lair:1   | Noticed Gastronok
 17635 | Lair:1   | Killed Gastronok
 17636 | Lair:1   | Reached skill level 5 in Evocations
 18053 | Lair:2   | Found a staircase to the Swamp.
 18234 | Lair:2   | Reached XP level 15. HP: 115/115 MP: 15/15
 18303 | Lair:2   | Found a hole to the Spider Nest.
 19814 | Lair:1   | Bought the ring "Xoelaafe" {Wiz rPois rF- Int+8 Stlth+} for
                  | 914 gold pieces
 19824 | Lair:1   | Learned a level 4 spell: Summon Lightning Spire
 20013 | Lair:4   | Reached skill level 1 in Spellcasting
 20013 | Lair:4   | Reached skill level 1 in Summonings
 20013 | Lair:4   | Reached skill level 1 in Air Magic
 20561 | Lair:4   | Found a white marble altar of Elyvilon.
 21288 | Lair:5   | Reached skill level 5 in Summonings
 21288 | Lair:5   | Reached skill level 5 in Air Magic
 21776 | Lair:5   | Slain by a seven-headed hydra

Illustrated notes

Levels and vault maps discovered:
D:1:      psy_arrival_heroes, layout_basic, basic_ecumenical_altar
D:2:      layout_basic, kennysheep_another_room, minmay_misc_feat_tiny
D:3:      layout_basic, kennysheep_boxes
D:4:      layout_loops_cross, gammafunk_ghost_abyssal_escape, uniq_natasha
D:5:      cheibrodos_two_vegetables, layout_loops_ring
D:6:      layout_basic, okawaru_gym_becter, minmay_temple_entry_large_hall,
          grunt_tough_drop
D:7:      layout_loops_ring, overflow_temple_1_default, marbit_many_paths,
          chequers_temple_overflow_minitemple, grunt_decor_arrowhead
D:8:      layout_loops_corners, nicolae_hepliaklqana_hippocampus,
          nicolae_overflow_crystal_walls, gammafunk_ghost_icy,
          kennysheep_generic_room_10, uniq_maurice
D:9:      layout_loops_ring, nicolae_uskayaw_suspiria, vehumet_statue,
          nicolae_ashenzari_panopticon, serial_park_tiny_1, supply_closet_lemuel
D:10:     layout_small_grid, lemuel_coloured_pillars_altar,
          lemuel_crystal_altar, minmay_orc_entry_temple_small,
          small_chamber_with_monster
D:11:     layout_cross, due_lair_maze_entry_diamond, serial_ice, serial_ice_j,
          serial_ice_d, serial_ice_o, serial_ice_n, serial_ice_h,
          nicolae_elemental_shop, uniq_urug
D:12:     layout_basic, grunt_ministairs_1
D:13:     layout_irregular_city, lightli_vaults_fourway_checkpoint,
          portal_ice_cave_demonic_guard, serial_glass, glass_columns_a,
          glass_columns_b, item_on_display_a, feat_on_display,
          hangedman_decor_points
D:14:     layout_roguey, grunt_decor_mini_mirrors, uniq_louise
Temple:   nicolae_temple_figure_zero
Lair:1:   layout_cave_pods, ebering_ghost_disaster_area, uniq_erica,
          uniq_gastronok
Lair:2:   layout_concentric_octagons, skrybe_swamp_entry_bodies,
          nicolae_spider_entry_non_spiders, serial_bayou_shore_a,
          grunt_megastairs_1
Lair:3:   layout_cave_pods, infiniplex_staircase_pool, grunt_megastairs_4
Lair:4:   layout_small_grid, lemuel_oklob_altar
Lair:5:   layout_cave_pods
Orc:1:    layout_caves, serial_shops, shop, enter_bailey_2, uniq_jorgrun
Orc:2:    st_orc_mages, layout_diamond_mine

Skill      XL: |  1  2  3  4  5  6  7  8  9 10 11 12 13 14 15 |
---------------+----------------------------------------------+-----
Fighting       | 2 3 4 5 8 10 | 10.0
Short Blades   | 3 4 7 8 |  8.0
Dodging        | 3 4 5 6 9 10 13 | 13.1
Staves         | 2 4 9 11 12 17 | 17.2
Armour         | 7 10 | 10.0
Evocations     | 6 8 |  8.6
Spellcasting   | 1 |  1.0
Summonings     | 5 |  5.2
Air Magic      | 5 |  5.2
Axes           | |  1.0
Shields        | |  1.0

Action                   |  1- 3 |  4- 6 |  7- 9 | 10-12 | 13-15 || total
-------------------------+-------+-------+-------+-------+-------++-------
Melee: Short sword       |    21 |       |       |       |       ||    21
       Dagger            |    10 |    68 |   183 |       |       ||   261
       Lajatang          |       |       |    47 |   156 |   949 ||  1152
       Quick blade       |       |       |       |   494 |    39 ||   533
       Scimitar          |       |       |       |       |    16 ||    16
Throw: Boomerang         |    59 |     9 |     2 |       |       ||    70
Invok: Call Merchant     |       |       |     1 |       |     2 ||     3
Evoke: Wand              |       |       |     3 |    31 |    11 ||    45
       Condenser vane    |       |       |       |     1 |     3 ||     4
       Lightning rod     |       |       |       |       |     8 ||     8
  Use: Scroll            |     2 |     3 |     7 |     7 |    14 ||    33
       Potion            |       |     1 |     3 |     3 |     2 ||     9
 Stab: Invisible         |       |       |     1 |     2 |       ||     3
       Paralysed         |       |       |       |     4 |       ||     4
       Distracted        |       |       |       |       |     6 ||     6
       Petrified         |       |       |       |       |    17 ||    17
       Sleeping          |       |       |       |       |     1 ||     1
Armor: Robe              |    10 |    12 |    16 |       |       ||    38
       Scale mail        |       |       |    40 |       |   510 ||   550
       Ring mail         |       |       |     3 |    84 |       ||    87
       Chain mail        |       |       |       |    52 |     7 ||    59
Dodge: Dodged            |    20 |    29 |   101 |   211 |   596 ||   957
       Rpst.: Scimitar   |       |       |       |       |     2 ||     2

Table legend: (Time is in decaauts)
 A = Elapsed time spent in this place.
 B = Non-inter-level travel time spent in this place.
 C = Inter-level travel time spent in this place.
 D = Time resting spent in this place.
 E = Time spent auto-exploring this place.
 F = Levels seen in this place.
 G = Mean time per level.
                   A        B        C        D        E       F      G
               +--------+--------+--------+--------+--------+-----+--------+
         Total |  21139 |  19788 |   1351 |   1741 |  14024 |  24 |  880.8 |
       Dungeon |  14318 |  13481 |    837 |   1509 |   9525 |  14 | 1022.7 |
        Temple |    160 |    132 |     28 |      0 |    113 |   1 |  160.0 |
          Lair |   4779 |   4496 |    283 |    141 |   3496 |   5 |  955.8 |
  Orcish Mines |   1671 |   1469 |    202 |     89 |    846 |   2 |  835.5 |
        Bailey |    131 |    131 |      0 |      2 |     44 |   1 |  131.0 |
      Ice Cave |     77 |     77 |      0 |      0 |      0 |   1 |   77.0 |
               +--------+--------+--------+--------+--------+-----+--------+

Top non-repeatable levels by time:
     D:8: 1806 daAuts
     D:5: 1749 daAuts
     D:7: 1673 daAuts
  Lair:1: 1171 daAuts
   Orc:2: 1158 daAuts
    D:13: 1133 daAuts
  Lair:4: 1073 daAuts
     D:6: 1073 daAuts
    D:10: 970 daAuts
     D:3: 962 daAuts
  Lair:3: 917 daAuts
     D:4: 909 daAuts
  Lair:2: 870 daAuts
     D:1: 846 daAuts
     D:9: 844 daAuts
